Map: Emerald City LE

Players

DaveTesta

  • Race: Protoss Protoss
  • League: Gold
  • Spawn Location: 5:00

PickleRick

  • Race: Zerg Zerg
  • League: Gold
  • Spawn Location: 5:00

OpuS - Winner!

  • Race: Protoss Protoss
  • League: Platinum
  • Spawn Location: 11:00

Sketchaphone - Winner!

  • Race: Zerg Zerg
  • League: Platinum
  • Spawn Location: 11:00

VOD

Have the link to the VOD?

Description

Time

  • Played on: Feb. 27, 2019, 8:26 p.m.
  • Length: 10:52
Show
View Real Time Build Order
Export as new Build Order

DaveTesta Protoss 

Build Orders:  

Get SALT Encoding   

  12  0:06  Probe  
  12  0:14  Probe  
  14  0:23  Probe  
  15  0:32  Pylon  
  15  0:50  Probe  
  15  0:53  Gateway  
  15  0:56  Gateway  
  16  1:02  Probe  
  17  1:07  Assimilator  
  17  1:14  Probe  
  18  1:26  Probe  
  19  1:38  Probe  
  20  1:40  Pylon  
  20  1:44  Zealot  
  22  1:50  Probe  
  23  2:00  Cybernetics Core  
  23  2:03  Probe  
  23  2:04  Gateway  
  23  2:07  Assimilator  
  24  2:10  Pylon  
  24  2:15  Probe  
  25  2:18  Warp Gate  
  25  2:30  Pylon  
  25  2:39  Stalker  
  25  2:41  Stalker  
  29  2:50  Gateway  
  29  2:55  Pylon  
  29  2:59  Stalker  
  29  3:03  Probe  
  32  3:19  Gateway  
  32  3:43  Pylon  
  32  4:11  Stalker, Adept  
  32  4:12  Zealot x2  
  32  4:14  Adept  
  42  4:24  Pylon  
  42  4:29  Probe  
  43  4:32  Stalker  
  43  4:33  Zealot, Adept  
  43  4:36  Stalker  
  51  4:40  Stalker  
  53  4:56  Stalker  
  50  5:07  Stalker  
  49  5:36  Stalker  
  49  5:37  Probe  
  52  5:45  Probe  
  49  5:53  Probe  
  50  6:04  Probe  
  51  6:16  Probe  
  32  6:28  Stalker, Adept  
  32  6:29  Stalker, Zealot  
  32  6:30  Adept  
  32  6:44  Probe  
  33  6:56  Probe  
  33  6:57  Nexus  
  34  7:13  Stargate  
  34  7:15  Probe  
  35  7:19  Stalker  
  37  7:27  Assimilator  
  37  7:28  Probe  
  38  7:37  Stalker  
  40  7:49  Stalker  
  42  7:52  Stalker  
  44  8:04  Stalker  
  46  8:06  Probe  
  47  8:14  Probe  
  47  8:19  Stalker  
  46  8:33  Stalker  
  48  8:44  Probe  
  48  8:45  Probe  
  50  8:52  Probe  
  50  9:01  Probe  
  51  9:05  Void Ray  
  52  9:34  Stalker  
  54  10:05  Pylon  
  54  10:09  Pylon  
Show
View Real Time Build Order
Export as new Build Order

PickleRick Zerg 

Build Orders: Pool First 

Get SALT Encoding   

  12  0:18  Spawning Pool  
  11  0:50  Hatchery  
  10  1:05  Zergling x6  
  13  1:17  Zergling x2  
  14  1:31  Overlord  
  14  1:49  Queen  
  16  2:09  Zergling x2  
  16  2:10  Zergling x6  
  20  2:25  Zergling x6  
  21  2:49  Zergling x8  
  25  2:52  Queen  
  27  3:03  Zergling x2  
  27  3:04  Overlord  
  28  3:16  Extractor  
  28  3:17  Drone  
  28  3:23  Drone x2  
  17  4:03  Zergling x8  
  17  4:04  Zergling x6  
  23  4:20  Metabolic Boost  
  23  4:31  Drone x3  
  24  4:35  Drone  
  27  5:03  Spore Crawler  
  26  5:13  Roach Warren  
  25  5:17  Drone x2  
  25  5:19  Drone  
  23  5:41  Zergling x2  
  23  5:42  Zergling x10  
  27  5:53  Roach x2  
  31  6:02  Baneling Nest  
  30  6:12  Overlord x2  
  18  6:38  Drone x5  
  18  6:39  Drone  
  24  6:55  Drone x2  
  24  6:57  Drone  
  27  7:07  Drone  
  27  7:08  Drone  
  29  7:22  Baneling x4  
  29  7:23  Baneling  
  29  7:24  Drone x2  
  29  7:26  Drone  
  32  7:36  Drone x2  
  32  7:37  Drone  
  35  7:39  Drone  
  36  7:45  Drone x2  
  36  7:46  Drone  
  39  7:56  Lair  
  39  8:08  Drone x2  
  39  8:09  Drone, Extractor  
  39  8:11  Drone x2  
  43  8:19  Overlord  
  43  8:20  Overlord  
  43  8:31  Zergling x4  
  44  8:37  Spore Crawler  
  43  8:57  Hydralisk Den  
  42  9:03  Drone x2  
  42  9:04  Drone x6  
  42  9:06  Extractor  
  42  9:07  Queen, Extractor  
  42  9:08  Hatchery  
  49  9:31  Drone x2  
  51  9:35  Hydralisk  
  51  9:36  Hydralisk x3  
  59  9:38  Overlord  
  59  9:52  Zergling x2  
  60  10:08  Hydralisk x4  
  67  10:21  Roach x5  
  68  10:22  Roach  
  68  10:27  Zergling x2  
  71  10:33  Zergling x2  
Show
View Real Time Build Order
Export as new Build Order

OpuS Protoss - Winner!

Build Orders: Oracle Opening 

Get SALT Encoding   

  12  0:01  Probe  
  13  0:13  Probe  
  14  0:25  Probe  
  14  0:26  Pylon  
  15  0:44  Probe  
  15  0:45  Gateway  
  16  0:52  Assimilator  
  16  0:55  Assimilator  
  16  0:56  Probe  
  17  1:07  Probe  
  18  1:15  Probe  
  18  1:17  Gateway  
  18  1:23  Probe  
  20  1:38  Cybernetics Core  
  20  1:39  Zealot  
  20  1:41  Pylon  
  22  1:56  Zealot  
  22  1:57  Pylon  
  24  2:14  Shield Battery  
  24  2:19  Zealot  
  25  2:31  Pylon  
  25  2:49  Warp Gate  
  25  2:54  Probe, Stargate  
  26  3:02  Zealot  
  28  3:06  Probe  
  29  3:18  Twilight Council, Probe  
  30  3:22  Pylon  
  30  3:29  Oracle  
  33  3:54  Gateway, Charge  
  33  4:05  Stalker  
  35  4:14  Void Ray  
  39  4:39  Shield Battery  
  39  4:47  Stalker  
  41  5:20  Void Ray  
  45  5:34  Gateway  
  45  5:35  Gateway  
  45  5:44  Nexus  
  45  5:51  Stalker  
  45  5:54  Stalker  
  49  6:05  Probe  
  50  6:17  Probe  
  51  6:22  Zealot x2  
  50  6:39  Void Ray  
  50  6:44  Pylon  
  54  6:48  Pylon  
  54  7:03  Probe x2  
  54  7:07  Zealot  
  54  7:08  Zealot  
  60  7:17  Zealot  
  60  7:20  Probe x2  
  64  7:32  Probe x2  
  66  7:46  Probe x2  
  68  7:54  Dark Shrine  
  68  7:57  Templar Archives  
  68  7:58  Probe  
  68  7:59  Probe  
  70  8:13  Probe x2  
  70  8:18  Gateway  
  72  8:22  Gateway  
  72  8:25  Probe x2  
  74  8:37  Zealot x4, Probe  
  83  8:48  Probe  
  83  8:49  Probe  
  83  8:55  Pylon  
  85  8:57  Pylon  
  85  9:07  Gateway  
  85  9:12  Void Ray  
  85  9:14  Probe x2  
  85  9:15  Gateway  
  91  9:18  Assimilator  
  91  9:22  Assimilator  
  91  9:26  Probe x2  
  93  9:33  Dark Templar x2  
  93  9:34  Dark Templar  
  93  9:35  Dark Templar  
  101  9:53  Pylon  
  101  9:57  Pylon  
  101  10:11  Nexus  
Show
View Real Time Build Order
Export as new Build Order

Sketchaphone Zerg - Winner!

Build Orders: Hatch First 

Get SALT Encoding   

  12  0:01  Drone  
  13  0:12  Overlord  
  13  0:18  Drone  
  14  0:22  Extractor  
  14  0:23  Drone  
  15  0:32  Drone  
  16  0:38  Drone  
  17  0:59  Hatchery  
  16  1:07  Drone  
  16  1:08  Drone  
  16  1:11  Extractor  
  17  1:30  Spawning Pool  
  16  1:34  Drone x2  
  16  1:35  Overlord  
  18  2:07  Drone  
  18  2:08  Drone  
  20  2:17  Queen  
  20  2:18  Metabolic Boost  
  20  2:20  Zergling x6  
  25  2:32  Spine Crawler  
  25  2:33  Zergling x4  
  25  2:35  Queen  
  28  2:48  Drone  
  29  2:54  Drone  
  29  2:55  Evolution Chamber  
  29  3:06  Zergling x2  
  29  3:08  Zergling x2  
  31  3:17  Zergling x6  
  34  3:22  Roach Warren  
  34  3:24  Zerg Ground Armor Level 1  
  33  3:28  Overlord  
  29  3:52  Zergling x14  
  36  4:01  Overlord  
  36  4:09  Overlord  
  35  4:27  Drone  
  36  4:47  Drone x6  
  42  4:55  Lair  
  42  4:57  Hatchery  
  41  5:20  Zerg Melee Weapons Level 1  
  41  5:23  Overlord, Roach x4  
  49  5:29  Drone  
  46  5:54  Roach x5  
  56  6:05  Drone x3  
  56  6:06  Extractor  
  50  6:41  Drone  
  50  6:42  Drone x5  
  50  6:46  Overlord, Extractor  
  55  6:48  Overlord  
  55  6:49  Overlord  
  55  7:00  Ravager x3  
  58  7:02  Zergling x14  
  58  7:03  Hatchery  
  58  7:08  Queen  
  66  7:22  Overlord  
  66  7:26  Zerg Melee Weapons Level 2  
  66  7:28  Drone  
  67  7:30  Drone x3  
  67  7:32  Drone x5, Extractor  
  74  7:43  Drone x3  
  77  8:01  Glial Reconstitution  
  77  8:03  Roach x3  
  77  8:04  Overlord, Roach  
  85  8:06  Overlord  
  85  8:15  Queen  
  85  8:16  Drone  
  88  8:24  Overlord  
  88  8:31  Roach x5  
  95  8:37  Overlord  
  95  8:40  Pneumatized Carapace  
  95  8:45  Zergling x6  
  98  9:06  Roach x4  
  98  9:07  Roach  
  108  9:13  Hydralisk Den  
  108  9:16  Evolution Chamber  
  106  9:19  Drone x3  
  106  9:20  Tunneling Claws  
  109  9:33  Burrow  
  109  9:39  Infestation Pit  
  108  9:48  Spire  
  107  9:58  Queen  
  97  10:33  Roach  
Tags
 
Add a new tag
Caveats
  • Supply blocks, unpowered buildings, or Contaminate may cause inaccurate times.
  • Supply counts are checked every 10 seconds.